 Dungeon Crawl Stone Soup version 0.27-a0-328-g7f782ed93a (webtiles) character file.

Game seed: 10916651074049915695

1798 inc the Jinx (level 8, 33/39 HPs)
             Began as a Felid Enchanter on Feb 11, 2021.
             Was a Believer of Uskayaw.
             Quit the game on level 8 of the Dungeon.
             The game lasted 00:28:08 (15227 turns).

inc the Jinx (Felid Enchanter)                     Turns: 15227, Time: 00:28:09

Health: 33/39      AC:  2    Str:  4    XL:     8   Next: 83%
Magic:  9/12       EV: 25    Int: 17    God:    Uskayaw [**....]
Gold:   383        SH:  0    Dex: 19    Spells: 2/11 levels left
                                        Lives:  0   Deaths: 2

rFire    . . .     SeeInvis +     - Unarmed
rCold    . . .     Faith    .   (shield unavailable)
rNeg     . . .     Spirit   .   (armour unavailable)
rPois    .         Reflect  .   (helmet unavailable)
rElec    .         Harm     .   (cloak unavailable)
rCorr    .         Rampage  .   (gloves unavailable)
Will     +....                  (boots unavailable)
Stlth    +++++.....             (no amulet)
HPRegen  0.13/turn              m - ring of ice
MPRegen  0.13/turn              c - ring of fire

@: quick
A: very small, no armour, no weapons or thrown items, stealth, claws 1, fangs 3,
see invisible, speed 1, shaggy fur 2, sharp paws
a: Renounce Religion, Stomp, Line Pass


You were on level 8 of the Dungeon.
You worshipped Uskayaw.
Uskayaw was noncommittal.
You visited 2 branches of the dungeon, and saw 9 of its levels.
You also visited: Ossuary and Bailey.

You collected 383 gold pieces.

Inventory:

Jewellery
 c - a ring of fire (right paw)
 m - a ring of ice (left paw)
 w - the ring of the Failed Coup {Wiz rPois Stlth+, unknown}
   (You found it on level 7 of the Dungeon)

   [ring of wizardry]

   It improves your spell success rate.
   It protects you from poison.
   It makes you more stealthy.
Wands
 t - a wand of random effects (16)
 u - a wand of paralysis (8)
Scrolls
 b - 4 scrolls of fog {unknown}
 e - a scroll of blinking {unknown}
 i - 3 scrolls of enchant weapon
 j - 4 scrolls of enchant armour {unknown}
 k - 2 scrolls of noise {unknown}
 l - 5 scrolls of teleportation {unknown}
 o - 2 scrolls of amnesia {unknown}
 q - a scroll of acquirement {unknown}
 r - 2 scrolls of magic mapping {unknown}
 s - a scroll of summoning {unknown}
Potions
 a - 4 potions of brilliance
 d - 4 potions of curing
 f - a potion of mutation
 g - a potion of might {unknown}
 h - 5 potions of lignification
 n - 5 potions of attraction
 p - 2 potions of haste
 v - a potion of magic {unknown}


   Skills:
 - Level 6.5 Fighting
 - Level 8.7 Dodging
 + Level 9.0 Stealth
 + Level 6.7 Unarmed Combat
 - Level 2.0 Spellcasting
 - Level 11.2 Hexes


You had 2 spell levels left.
You knew the following spells:

 Your Spells              Type           Power        Failure   Level
a - Tukima's Dance        Hex            39%          1%          3
b - Ensorcelled Hibernat  Hex/Ice        62%          3%          2
c - Confusing Touch       Hex            39%          1%          3
i - Corona                Hex            43%          1%          1

Your spell library contained the following spells:

 Spells                   Type           Power        Failure   Level
 Dazzling Flash           Conj/Hex       40%          6%          3


Dungeon Overview and Level Annotations

Branches:
Dungeon (8/15)             Temple (1/1) D:5         Ossuary (visited)
 Bailey (visited)
   Lair: D:8-11

Altars:
Ashenzari
Cheibriados
Dithmenos
Elyvilon
Fedhas
Gozag
Hepliaklqana
Kikubaaqudgha
Makhleb
Nemelex Xobeh
Okawaru
Qazlal
Ru
Sif Muna
Trog
Uskayaw
Vehumet
Wu Jian
Yredelemnul
Zin

Shops:
D:5 ?

Annotations:
D:7 Harold


Innate Abilities, Weirdness & Mutations

You cannot wear armour.
You are incapable of wielding weapons or throwing items.
Your paws allow you to move quietly. (Stealth)
You have sharp claws.
You have razor-sharp teeth.
You have supernaturally acute eyesight. (SInv)
You cover ground quickly.
You are covered in thick fur. (AC +2)
Your sharp claws are effective at attacking unaware monsters.


Message History

Found a glowing cloak.
You now have 367 gold pieces (gained 6).
You now have 383 gold pieces (gained 16).
r - 2 scrolls labelled JES XUOCOP (gained 1)
Found a hand axe.
Found a stone staircase leading down.
b - 4 scrolls labelled XIWO VEZXAJEWOTA (gained 1)
A wight comes into view. It is wielding a +3 flail of freezing.
The wight moves out of view.
A wight is nearby!
A wight is nearby!
A quokka zombie comes into view.
Found a stone staircase leading up.
A wight comes into view. It is wielding a +0 flail.
A wight comes into view. It is wielding a +1 flail of draining.
Casting: Ensorcelled Hibernation (safe; 3% risk of failure)
Confirm with . or Enter, or press ? or * to list all spells.
You can't see any susceptible monsters within range! (Use Z to cast anyway.) Unknown command.
Casting: Ensorcelled Hibernation (safe; 3% risk of failure)
Confirm with . or Enter, or press ? or * to list all spells.
Aiming: Tukima's Dance (safe; 1% risk of failure)
Press: ? - help, Shift-Dir - straight line, f - wight
Aim: a wight, wielding a +3 flail of freezing and wearing a +0 robe (chance to affect: 76%)
The +3 flail of freezing dances into the air!
You scratch the wight.
The wight is lightly damaged.
The wight completely misses you.
You barely miss the wight.
The wight is lightly damaged.
You claw the wight! Your bite misses the wight.
The wight is severely damaged.
The wight hits you.
The quokka zombie barely misses your +3 flail of freezing.
Your +3 flail of freezing hits the wight!
The wight is destroyed!
You can now pass through a line of other dancers.
Your Stealth skill increases to level 9!
Unknown command.
Are you sure you want to abandon this character and quit the game? (Confirm with "yes".)

...............
#........#
#........#
######z.## ##
#....#5.# ..
#....#Z.##.####
#.....(........
####..[........
######.....@........
#.........)......#..
#.###.......#.#..# .
#............#
#..............
###...............
#.................
#.#..............
#.#.....#>....


You could see a wight, a white imp, a quokka zombie and a friendly +3 flail of
freezing.

Vanquished Creatures
  Pikel (D:4)
  A wraith (D:7)
  Menkaure (Ossuary)
  Edmund (D:4)
  A water moccasin (D:8)
  8 orc warriors (Bailey)
  2 ice beasts
  2 ogres
  A sky beast (D:7)
  6 centaurs (Bailey)
  2 lemures
  3 bullfrogs
  A scorpion (D:7)
  2 electric eels (D:6)
  A howler monkey (D:4)
  A jelly (D:5)
  4 orc priests
  7 hounds
  A bullfrog skeleton (D:4)
  An iguana (D:4)
  4 orc wizards
  7 worker ants
  3 mummies (Ossuary)
  A gnoll (D:7)
  A worker ant zombie (D:7)
  8 adders
  A howler monkey skeleton (D:4)
  2 river rats (D:5)
  2 shadow imps
  2 white imps (D:5)
  2 ufetubi
  2 oozes
  2 adder skeletons
  3 worms
  A dart slug (D:2)
  3 leopard geckos
  35 orcs
  2 ball pythons
  7 bats
  8 giant cockroaches
  4 gnoll zombies (Ossuary)
  6 goblins
  12 hobgoblins
  6 jackals
  10 kobolds
  4 quokkas
  7 frilled lizards
  4 gnoll skeletons (Ossuary)
  6 goblin skeletons (Ossuary)
  4 goblin zombies (Ossuary)
  2 hobgoblin skeletons (Ossuary)
  8 hobgoblin zombies (Ossuary)
  A jackal skeleton (D:2)
  6 kobold skeletons (Ossuary)
  2 kobold zombies (Ossuary)
  4 orc skeletons (Ossuary)
  4 orc zombies (Ossuary)
  13 rats
  3 rat skeletons (Ossuary)
  3 rat zombies (Ossuary)
252 creatures vanquished.

Vanquished Creatures (collateral kills)
  2 orc warriors (Bailey)
  2 centaurs (Bailey)
  A wight (D:8)
  5 orcs (Bailey)
  3 goblins (D:7)
13 creatures vanquished.

Vanquished Creatures (others)
  8 dancing weapons (Bailey)
  A gnoll shaman (D:8)
  A worker ant (D:8)
  A leopard gecko (D:6)
  An orc (Bailey)
  A plant (D:6)
13 creatures vanquished.

Grand Total: 278 creatures vanquished

Notes
Turn   | Place    | Note
-------+----------+-------------------------------------------
     0 | D:1      | inc the Felid Enchanter began the quest for the Orb.
     0 | D:1      | Reached XP level 1. HP: 7/7 MP: 4/4
    52 | D:1      | You fall into a shaft and drop 1 floor!
    54 | D:2      | Found an ancient bone altar of Kikubaaqudgha.
   228 | D:2      | Reached XP level 2. HP: 9/11 MP: 4/6
   231 | D:2      | Learned a level 2 spell: Ensorcelled Hibernation
   495 | D:1      | Found a sparkling altar of Nemelex Xobeh.
   704 | D:1      | Reached XP level 3. HP: 14/14 MP: 1/7
   922 | D:1      | You fall into a shaft and drop 1 floor!
  1871 | D:2      | Reached XP level 4. HP: 4/18 MP: 0/8
  2611 | D:2      | Reached skill level 1 in Fighting
  2615 | D:2      | Learned a level 3 spell: Confusing Touch
  3665 | D:3      | Reached XP level 5. HP: 23/23 MP: 4/9
  3894 | D:4      | Noticed an ogre
  3928 | D:4      | Killed an ogre
  4208 | D:4      | Noticed Edmund
  4280 | D:4      | Killed Edmund
  4281 | D:4      | Reached skill level 6 in Hexes
  4281 | D:4      | Gained mutation: You are covered in thick fur. (AC +2)
                  | [Felid growth]
  4281 | D:4      | Reached XP level 6. HP: 28/28 MP: 7/10
  4349 | D:4      | Found a blossoming altar of Fedhas.
  4490 | D:4      | Noticed Pikel
  4828 | D:4      | Reached skill level 7 in Hexes
  4953 | D:4      | HP: 1/28 [orc priest/divine providence (14)]
  5413 | D:4      | Found a bloodstained altar of Trog.
  5430 | D:4      | Learned a level 3 spell: Tukima's Dance
  5519 | D:4      | Reached XP level 7. HP: 32/32 MP: 6/11
  5540 | D:4      | Reached skill level 8 in Hexes
  6005 | D:4      | Killed Pikel
  6006 | D:4      | Reached skill level 11 in Hexes
  6006 | D:4      | Reached XP level 8. HP: 36/36 MP: 6/12
  6201 | D:5      | Entered Level 5 of the Dungeon
  6298 | D:5      | Found a sand-covered staircase.
  6302 | Ossuary  | Entered an ossuary
  6808 | Ossuary  | Noticed Menkaure
  6850 | Ossuary  | Killed Menkaure
  7040 | D:5      | Found Woplemin's Magic Scroll Shoppe.
  7084 | D:5      | Reached skill level 5 in Fighting
  7095 | D:5      | Killed from afar by a white imp
  7096 | D:5      | Reached XP level 7. HP: 0/33 MP: 2/11
  7481 | D:5      | Reached skill level 5 in Dodging
  7962 | D:5      | Found a staircase to the Ecumenical Temple.
  8111 | Temple   | Entered the Ecumenical Temple
  8156 | Temple   | Became a worshipper of Uskayaw the Reveller
  8297 | D:5      | Reached * piety under Uskayaw
  8347 | D:5      | Reached ** piety under Uskayaw
  8356 | D:5      | Reached XP level 8. HP: 31/38 MP: 10/12
  9253 | D:6      | Found a blossoming altar of Fedhas.
 10299 | D:7      | Found a white marble altar of Elyvilon.
 10525 | D:7      | Noticed a skeletal warrior
 10777 | D:7      | Found a flagged portal.
 10795 | Bailey   | Entered a bailey
 10839 | Bailey   | Reached *** piety under Uskayaw
 12276 | Bailey   | Reached skill level 5 in Stealth
 12276 | Bailey   | Reached XP level 9. HP: 27/42 MP: 7/13
 12551 | Bailey   | Reached skill level 5 in Unarmed Combat
 14324 | D:7      | Noticed Harold
 14822 | D:7      | Got a wavering amber ring
 15142 | D:8      | Noticed a two-headed ogre
 15149 | D:8      | Mangled by a two-headed ogre
 15150 | D:8      | Reached XP level 8. HP: -10/39 MP: 2/12
 15227 | D:8      | Quit the game

Illustrated notes

Levels and vault maps discovered:
D:1:      amcnicky_arrival_abandoned_market, layout_loops_corners,
          nemelex_xobeh_ov_fountains_minmay
D:2:      minmay_alternating_diamond, layout_basic,
          nicolae_overflow_hidden_temple
D:3:      layout_basic, minmay_ruptured
D:4:      minmay_diamond_boxcup, layout_basic, bloody_trog,
          fedhas_altar_fruit_tree, uniq_edmund, uniq_pikel
D:5:      layout_basic, lemuel_temple_firewalk_b, portal_sewer_entry_b,
          serial_shops, shop, enter_ossuary_5, st_stairs_7
D:6:      layout_layer_cave, nicolae_overflow_crystal_walls, chequers_big_river
D:7:      nzn_winding_woodlands_medium [nzn_winding_woodlands_5x5_cross,
          nzn_winding_woodlands_5x15_split_checker,
          nzn_winding_woodlands_5x5_closed_star,
          nzn_winding_woodlands_5x5_perimeter,
          nzn_winding_woodlands_center_diamonds,
          nzn_winding_woodlands_5x5_open_star, nzn_winding_woodlands_5x5_three,
          nzn_winding_woodlands_5x15_jagged, nzn_winding_woodlands_5x5_default],
          layout_cave_pools, kennysheep_little_box, enter_bailey_5, uniq_harold,
          uniq_menkaure
D:8:      layout_basic, xom_confusion_cloud, wad_dig_loot
Temple:   regret_index_temple_waves

Skill      XL: |  1  2  3  4  5  6  7  8  9 |
---------------+----------------------------+-----
Unarmed Combat | 2 3 4 6 |  6.7
Fighting       | 2 4 6 |  6.5
Hexes          | 6 7 11 | 11.2
Dodging        | 5 8 |  8.7
Stealth        | 9 8 |  9.0
Spellcasting   | |  2.0

Action                   |  1- 3 |  4- 6 |  7- 9 || total
-------------------------+-------+-------+-------++-------
Melee: Unarmed           |    72 |   106 |   506 ||   684
       Bite              |     2 |     3 |    47 ||    52
       Punch             |       |     2 |     7 ||     9
 Cast: Corona            |     1 |       |       ||     1
       Ensorcelled Hiber |    26 |    72 |   122 ||   220
       Confusing Touch   |       |     2 |    25 ||    27
       Tukima's Dance    |       |       |    33 ||    33
  Use: Scroll            |       |       |     9 ||     9
       Potion            |       |       |     4 ||     4
 Stab: Sleeping          |    36 |    50 |    75 ||   161
       Confused          |       |     2 |    21 ||    23
       Invisible         |       |       |     5 ||     5
       Distracted        |       |       |     1 ||     1
Armor: Skin              |     4 |     9 |    21 ||    34
Dodge: Dodged            |    72 |    85 |   431 ||   588

Table legend: (Time is in decaauts)
 A = Elapsed time spent in this place.
 B = Non-inter-level travel time spent in this place.
 C = Inter-level travel time spent in this place.
 D = Time resting spent in this place.
 E = Time spent auto-exploring this place.
 F = Levels seen in this place.
 G = Mean time per level.
                   A        B        C        D        E       F      G
               +--------+--------+--------+--------+--------+-----+--------+
         Total |  13719 |  13374 |    345 |   4266 |   5960 |  11 | 1247.2 |
       Dungeon |  10092 |   9791 |    301 |   2473 |   5378 |   8 | 1261.5 |
        Temple |    119 |     75 |     44 |      0 |     72 |   1 |  119.0 |
       Ossuary |    662 |    662 |      0 |    152 |    144 |   1 |  662.0 |
        Bailey |   2844 |   2844 |      0 |   1641 |    364 |   1 | 2844.0 |
               +--------+--------+--------+--------+--------+-----+--------+

Top non-repeatable levels by time:
  Bailey: 2844 daAuts
     D:2: 2040 daAuts
     D:6: 1764 daAuts
     D:4: 1561 daAuts
     D:5: 1430 daAuts
     D:3: 1366 daAuts
     D:7: 1241 daAuts
 Ossuary: 662 daAuts
     D:1: 583 daAuts
  Temple: 119 daAuts
     D:8: 103 daAuts
